 Dungeon Crawl Stone Soup version 0.20.1-1-g8b1a95d (webtiles) character file.

1477 Zachski the Martial Artist (level 8, -18/71 HPs)
             Began as a Minotaur Monk on Dec 23, 2017.
             Demolished by an orc warrior
             ... wielding a +0 dire flail
              (25 damage)
             ... on level 5 of the Dungeon.
             The game lasted 00:32:37 (6731 turns).

Zachski the Martial Artist (Minotaur Monk)          Turns: 6731, Time: 00:32:37

Health: -18/71     AC:  4    Str: 17    XL:     8   Next: 49%
Magic:  7/7        EV: 16    Int:  7    God:
Gold:   300        SH:  0    Dex: 16    Spells: 7/7 levels left

rFire    . . .     SeeInvis .     - Unarmed
rCold    . . .     Gourm    .   (no shield)
rNeg     . . .     Faith    .   o - +1 leather armour
rPois    .         Spirit   .   (helmet restricted)
rElec    .         Reflect  .   (no cloak)
rCorr    .         Harm     .   (no gloves)
MR       .....                  (no boots)
Stlth    ++........             l - amulet of magic regeneration
Regen    0.3/turn               p - +1 ring of evasion
MPRegen  0.2/turn               B - +2 ring of strength

@: no status effects
A: retaliatory headbutt, horns 2
a: no special abilities


You were on level 5 of the Dungeon.
You were full.

You visited 1 branch of the dungeon, and saw 6 of its levels.

You collected 300 gold pieces.

Inventory:

Hand Weapons
 j - a +1 hunting sling
 x - a +0 quarterstaff
Missiles
 n - 118 stones (quivered)
Armour
 a - a +1 robe
 e - a +0 chain mail
 o - a +1 leather armour (worn)
 s - a +0 robe
 v - a +0 robe
 C - a +0 robe
 J - a +0 robe
Jewellery
 i - a +2 ring of intelligence
 k - an uncursed ring of ice
 l - an amulet of magic regeneration (around neck)
 p - a +1 ring of evasion (left hand)
 B - a +2 ring of strength (right hand)
 G - a cursed -2 ring of evasion
Wands
 t - a wand of polymorph (9/24)
 w - a wand of polymorph (12/24)
 y - a wand of flame (16/48)
 F - a wand of iceblast (7/15)
Scrolls
 b - 2 scrolls of fear
 c - a scroll of magic mapping
 f - 3 scrolls of enchant weapon
 u - a scroll of amnesia
 A - a scroll of remove curse
Potions
 d - a potion of haste
 q - 2 potions of cancellation
 z - 2 potions of degeneration {unknown}
 D - a potion of flight {unknown}
 E - 3 potions of heal wounds {unknown}
 H - 2 potions of resistance {unknown}
 I - a potion of brilliance {unknown}
 K - a potion of agility {unknown}
Comestibles
 g - 3 bread rations
 h - 3 meat rations


   Skills:
 * Level 6.6 Fighting
 + Level 2.8 Armour
 * Level 6.0 Dodging
 - Level 1.5 Stealth
 * Level 9.3 Unarmed Combat
 + Level 0.1 Evocations


You had 7 spell levels left.
You didn't know any spells.

Dungeon Overview and Level Annotations

Branches:
Dungeon (6/15)             Temple (0/1) D:6

Altars:
Cheibriados
Elyvilon
Hepliaklqana
Qazlal
Sif Muna
The Shining One


Innate Abilities, Weirdness & Mutations

You reflexively headbutt those who attack you in melee.
You have a pair of horns on your head.


Message History

The arrow closely misses you.
You see here an arrow.
The centaur shoots an arrow.
The arrow hits you.
* * * LOW HITPOINT WARNING * * *
You see here an arrow.
The centaur shoots an arrow.
The arrow hits you!
* * * LOW HITPOINT WARNING * * *
Things that are here:
an arrow; a ring mail The orc warrior barely misses you.
There is a stone staircase leading up, spattered with blood here.
You climb upwards.
There is a stone staircase leading down here.
You see here an arrow.
You hit the orc warrior but do no damage.
You closely miss the orc warrior. Your headbutt misses the orc warrior.
The orc warrior closely misses you.
You completely miss the orc warrior.
The orc warrior hits you with a dire flail!!
You die...

..#...# #......##.# #..
..#.P.###.#.#####.# #.#
#.#...#.....#####.#############.#
#.##.####.#.......#..............
...#.#....#########.###########.#
#.##.######## #.# #.#
###...###...### #.# #..
...._.."..P...#####.#### ###
###...###...#..o@[.....# #######
# ##.##########(.....#.# #.....#
####.#............#..#.####.....#
..##.##......(.......#..........#
###...#.........................#
#.P.##...####.........##......# #
#...##..............#.##.###### #
##.###...#####.#......##.# # #..#
#...# #.##.#.####.#


You could see an orc warrior.

Vanquished Creatures
  An ice beast (D:6)
  A phantom (D:4)
  2 ogres
  2 centaurs (D:5)
  A bullfrog (D:6)
  2 scorpions
  A water moccasin skeleton (D:5)
  2 howler monkeys (D:5)
  A crimson imp (D:6)
  4 orc priests
  3 hounds
  An iron imp (D:5)
  2 iguanas
  3 orc wizards
  Natasha (twice) (D:2)
  3 worker ants
  A mummy (D:5)
  4 adders
  An ooze (D:3)
  An adder skeleton (D:4)
  3 dart slugs
  2 leopard geckos
  18 orcs
  3 ball pythons
  8 giant cockroaches
  4 goblins
  9 hobgoblins
  7 jackals
  A quokka (D:5)
  6 bats
  4 frilled lizards
  A goblin skeleton (D:5)
  A goblin zombie (D:5)
  4 hobgoblin zombies (D:5)
  A jackal skeleton (D:5)
  6 kobolds
  3 kobold zombies (D:5)
  A leopard gecko skeleton (D:5)
  2 orc skeletons (D:5)
  7 rats
129 creatures vanquished.

Notes
Turn   | Place    | Note
-------+----------+-------------------------------------------
     0 | D:1      | Zachski the Minotaur Monk began the quest for the Orb.
     0 | D:1      | Reached XP level 1. HP: 19/19 MP: 0/0
   443 | D:1      | Reached XP level 2. HP: 27/27 MP: 1/1
  1213 | D:2      | Reached skill level 4 in Unarmed Combat
  1344 | D:2      | Reached XP level 3. HP: 33/33 MP: 2/2
  1600 | D:2      | Found a hazy altar of Hepliaklqana.
  1733 | D:2      | Noticed Natasha
  1742 | D:2      | Killed Natasha
  1834 | D:2      | Reached XP level 4. HP: 41/41 MP: 3/3
  1871 | D:2      | Noticed Natasha
  1883 | D:2      | Killed Natasha
  2743 | D:3      | Reached skill level 5 in Fighting
  2743 | D:3      | Reached skill level 5 in Unarmed Combat
  2743 | D:3      | Reached XP level 5. HP: 43/48 MP: 4/4
  3496 | D:4      | Reached XP level 6. HP: 52/56 MP: 5/5
  3555 | D:4      | Reached skill level 6 in Unarmed Combat
  4220 | D:4      | Reached skill level 5 in Dodging
  4220 | D:4      | Reached XP level 7. HP: 61/61 MP: 6/6
  4334 | D:5      | Entered Level 5 of the Dungeon
  4334 | D:5      | Found a snail-covered altar of Cheibriados.
  4477 | D:5      | Reached skill level 7 in Unarmed Combat
  4491 | D:5      | Found a white marble altar of Elyvilon.
  4533 | D:5      | Reached skill level 1 in Armour
  4759 | D:5      | Found a glowing golden altar of the Shining One.
  5232 | D:5      | Found a deep blue altar of Sif Muna.
  5307 | D:5      | Reached skill level 8 in Unarmed Combat
  5432 | D:5      | Reached XP level 8. HP: 34/70 MP: 7/7
  6439 | D:6      | Reached skill level 9 in Unarmed Combat
  6469 | D:6      | Found a staircase to the Ecumenical Temple.
  6522 | D:6      | Found a stormy altar of Qazlal.
  6731 | D:5      | Demolished by an orc warrior

Skill      XL: |  1  2  3  4  5  6  7  8 |
---------------+-------------------------+-----
Fighting       | 4 5 6 |  6.6
Unarmed Combat | 4 5 6 8 9 |  9.3
Dodging        | 4 5 6 |  6.0
Armour         | 2 |  2.8
Stealth        | |  1.5
Evocations     | |  0.1

Action                   |  1- 3 |  4- 6 |  7- 9 || total
-------------------------+-------+-------+-------++-------
Melee: Unarmed           |    51 |   129 |   167 ||   347
       Headbutt          |    14 |    17 |    39 ||    70
       Punch             |     1 |     4 |     5 ||    10
Throw: Stone             |     1 |       |     4 ||     5
Evoke: Wand              |       |     1 |       ||     1
  Use: Scroll            |       |    13 |     5 ||    18
       Potion            |       |     2 |     1 ||     3
 Stab: Sleeping          |     1 |     2 |     1 ||     4
       Distracted        |       |       |     1 ||     1
  Eat: Chunk             |     1 |       |       ||     1
       Bread ration      |     1 |     1 |     3 ||     5
Armor: Robe              |     2 |     9 |       ||    11
       Leather armour    |       |     7 |    16 ||    23
Dodge: Dodged            |    44 |    84 |    93 ||   221
